 Dungeon Crawl Stone Soup version 0.30-a0-793-g160f7cfddd (webtiles) character file.

Game seed: 11652605135160289306

301 Farfigtubin the Sneak (level 6, 0/38 HPs)
             Began as a Kobold Brigand on Feb 19, 2023.
             Shot with an arrow by a centaur (1 damage)
             ... on level 4 of the Dungeon.
             The game lasted 00:33:43 (3719 turns).

Farfigtubin the Sneak (Kobold Brigand)              Turns: 3719, Time: 00:33:43

Health: 0/38       AC:  3    Str:  9    XL:     6   Next: 64%
Magic:  6/6        EV: 14    Int: 12    God:
Gold:   198        SH:  0    Dex: 18    Spells: 5/5 levels left

rFire   . . .      SeeInvis .    a - +2 dagger
rCold   . . .      Faith    .    (no shield)
rNeg    . . .      Spirit   .    b - +0 robe
rPois   .          Reflect  .    (no helmet)
rElec   .          Harm     .    c - +0 cloak
rCorr   .          Rampage  .    (no gloves)
Will    .....                    (no boots)
Stlth   +++++                    (no amulet)
HPRegen 0.26/turn                (no ring)
MPRegen 0.10/turn                (no ring)

@: brilliant
A: small, no large weapons, nightstalker 3
a: no special abilities


You were on level 4 of the Dungeon.
You visited 2 branches of the dungeon, and saw 6 of its levels.

You collected 198 gold pieces.

Inventory:

Hand Weapons
 a - a +2 dagger (weapon)
Missiles
 d - 23 poisoned darts (quivered)
 e - 3 curare-tipped darts
 f - 55 stones
 t - 2 throwing nets
Armour
 b - a +0 robe (worn)
 c - a +0 cloak (worn)
Jewellery
 o - an amulet of faith
 p - a +6 ring of strength
Scrolls
 i - 2 scrolls of noise {unknown}
 m - 2 scrolls of identify {unknown}
 q - a scroll of butterflies {unknown}
 s - a scroll of brand weapon {unknown}
 u - a scroll of blinking {unknown}
 w - a scroll of immolation {unknown}
 y - a scroll of amnesia {unknown}
Potions
 g - a potion of lignification {unknown}
 h - a potion of heal wounds {unknown}
 j - a potion of mutation {unknown}
 k - a potion of curing {unknown}
 l - 2 potions of brilliance
 n - 2 potions of might {unknown}
 r - a potion of ambrosia {unknown}
 v - a potion of haste {unknown}
 x - a potion of cancellation {unknown}


   Skills:
 + Level 4.0 Fighting
 * Level 6.1 Short Blades
 - Level 2.1 Throwing
 - Level 1.2 Dodging
 + Level 7.2 Stealth


You had 5 spell levels left.
You didn't know any spells.
Your spell library contained the following spells:

 Spells                   Type           Power      Damage    Failure   Level
 Inner Flame              Hex/Fire       0%         N/A       69%         3
 Ozocubu's Armour         Ice            0%         N/A       69%         3
 Tukima's Dance           Hex            0%         N/A       69%         3
 Flame Wave               Conj/Fire      0%         2d4       97%         4
 Passage of Golubria      Tloc           0%         N/A       97%         4
 Sticky Flame             Conj/Fire      0%         2d3       97%         4
 Yara's Violent Unravell  Hex/Tmut       0%         3d3       100%        5
 Malign Gateway           Summ/Tloc      0%         N/A       100%        7
 Ozocubu's Refrigeration  Ice            0%         4d7       100%        7
 Summon Horrible Things   Summ           0%         N/A       100%        8


Dungeon Overview and Level Annotations

Branches:
Dungeon (5/15)             Temple (1/1) D:4

Altars:
Ashenzari
Cheibriados
Hepliaklqana
Makhleb
Nemelex Xobeh
Okawaru
Qazlal
Ru
Sif Muna
Vehumet
Xom
Yredelemnul
Zin


Innate Abilities, Weirdness & Mutations

You are small and have problems with some larger weapons.
You are completely attuned to the shadows.


Message History

Found an escape hatch in the floor.
m - 2 scrolls labelled ZOOZAISAUDD (gained 1)
There is a stone staircase leading down here.
You climb downwards.
There is a stone staircase leading up here.
A killer bee and an ogre come into view.
There is a stone staircase leading up here.
You climb upwards.
There is a stone staircase leading down here.
An adder comes into view.
A centaur comes into view. It is wielding a +0 hand axe.
Found a leather armour.
The helpless adder fails to defend itself.
You skewer the adder like a kebab!!!
You kill the adder!
Your Fighting skill increases to level 4!
The ball python hisses angrily.
You hit the ball python.
You kill the ball python!
You hear a shout!
The centaur unwields a +0 hand axe.
The centaur wields a +0 shortbow.
The centaur shoots an arrow.
The arrow hits you!
Throw: 25 darts (poison)
Press: ? - help, Q - select action, (/) - cycle Shift-Dir - straight line, f - centaur
Aim: a centaur, wielding a +0 shortbow (74% to hit)
You throw a poisoned dart. The poisoned dart hits the centaur.
The centaur is poisoned.
Throw: 24 darts (poison)
Press: ? - help, Q - select action, (/) - cycle Shift-Dir - straight line, f/p - centaur
Aim: a centaur, wielding a +0 shortbow (poisoned, 74% to hit)
You throw a poisoned dart. The poisoned dart hits the centaur.
The centaur looks even sicker.
The centaur shoots an arrow.
The arrow hits you.
The centaur shoots an arrow.
The arrow hits you!
The centaur shoots an arrow.
The arrow hits you!
* * * LOW HITPOINT WARNING * * *
It was a potion of brilliance.
You feel clever all of a sudden.
The centaur shoots an arrow.
The arrow hits you.
You die...

# # # ...( .[ #
...(#.# #
.......#.#
###..>>..c..#
#)..........#
##.#.......#.#
####..........#@#
#.......##.####.#
#........#..###.#
#...............#
##.#>..####.##..#
###.##.## #.##..#
....##.#####.##..#
######...........#
# #######.##.##


You could see a centaur (very poisoned).

Vanquished Creatures
  A scorpion (D:4)
  2 jellies
  Natasha (D:3)
  3 gnolls (D:2)
  4 adders
  A dart slug (D:2)
  7 orcs
  3 ball pythons
  5 endoplasms
  3 giant cockroaches
  6 goblins
  7 hobgoblins
  5 jackals
  5 quokkas
  10 bats
  2 frilled lizards
  11 kobolds
  10 rats
  A spectral goblin (D:3)
87 creatures vanquished.

Vanquished Creatures (others)
  A plant (D:1)
1 creature vanquished.

Grand Total: 88 creatures vanquished

Notes
Turn   | Place    | Note
-------+----------+-------------------------------------------
     0 | D:1      | Farfigtubin the Kobold Brigand began the quest for the Orb.
     0 | D:1      | Reached XP level 1. HP: 12/12 MP: 1/1
   233 | D:4      | Noticed a jelly
   254 | D:4      | Killed a jelly
   255 | D:4      | Reached skill level 6 in Stealth
   255 | D:4      | Reached XP level 2. HP: 18/18 MP: 2/2
   255 | D:4      | Reached XP level 3. HP: 22/22 MP: 3/3
   282 | D:4      | Identified the +6 hand axe of Xom's Displeasure {heavy,
                  | rPois Int+3}
   310 | D:4      | Noticed a scorpion
   314 | D:4      | Killed a scorpion
   315 | D:4      | Reached XP level 4. HP: 17/28 MP: 4/4
   352 | D:4      | Reached XP level 5. HP: 29/32 MP: 5/5
   439 | D:4      | Found a staircase to the Ecumenical Temple.
   446 | Temple   | Entered the Ecumenical Temple
   449 | Temple   | Found a transporter.
   449 | Temple   | Found a transporter.
   451 | Temple   | Found a transporter.
   451 | Temple   | Found a transporter.
  1112 | D:1      | Reached skill level 5 in Short Blades
  2208 | D:3      | Found a faded altar of an unknown god.
  2214 | D:3      | Reached XP level 6. HP: 37/37 MP: 6/6
  2724 | D:3      | Reached skill level 7 in Stealth
  2906 | D:3      | hound and dingo
  3386 | D:3      | Noticed Natasha
  3395 | D:3      | Killed Natasha
  3652 | D:5      | Entered Level 5 of the Dungeon
  3655 | D:5      | Noticed an ogre
  3718 | D:4      | HP: 1/38 [centaur/arrow (11)]
  3719 | D:4      | Shot with an arrow by a centaur

Illustrated notes

#.# ##...## #.## #.######
##.....## ####..# ###......#
##.......## ##.###.#
.........###.........####)..##.#
...........+.........')......#.#
.##......###<.....>..####..>##.#
.##....#.# ##.......## ##.###.#
.##...##.# ##.....## #####.##
.##...##.# ##.@.## #......#
.##...##.# ##'## #.###..#
.........# #.# #.##...#
#####.#### #.# #.##.#.# #.#
########.#########.##.#.# #..
.....##(...[............# #..#
#.#.....######.###.###
..#####.##...#######.###.#
.....##.###..# #.........#


Turn 2906 on D:3: hound and dingo

Levels and vault maps discovered:
D:1:      lightli_arrival_farm, layout_basic, kennysheep_doodads
D:2:      layout_basic, hangedman_abyss_or_decor_lesser_grid
D:3:      layout_loops_corners, dreamdust_ecumenical_altar_drowned_temple,
          columned_hall_lemuel, hangedman_decor_riveting, uniq_natasha
D:4:      layout_loops_ring, minmay_temple_entry_tees,
          lightli_sewer_entry_pipes, serial_bayou_pond_d
D:5:      layout_gridville, lemuel_round_altar, kennysheep_path_1,
          nicolae_stop_n_shop_1, grunt_ministairs_9, uniq_sigmund
Temple:   hellmonk_temple_divided_pantheon

Skill      XL: |  1  2  3  4  5  6 |
---------------+-------------------+-----
Short Blades   | 3 4 5 6 |  6.1
Stealth        | 6 7 |  7.2
Fighting       | 3 4 |  4.0
Throwing       | |  2.1
Dodging        | |  1.2

Action                     |  1- 3 |  4- 6 || total
---------------------------+-------+-------++-------
  Melee: Dagger            |    20 |   147 ||   167
         Punch             |       |     1 ||     1
  Throw: Dart              |       |     3 ||     3
    Use: Potion            |       |     1 ||     1
   Stab: Sleeping          |     3 |    52 ||    55
         Distracted        |       |     2 ||     2
 Armour: Robe              |     2 |    20 ||    22
  Dodge: Dodged            |     8 |    45 ||    53

Table legend: (Time is in decaauts)
 A = Elapsed time spent in this place.
 B = Non-inter-level travel time spent in this place.
 C = Inter-level travel time spent in this place.
 D = Time resting spent in this place.
 E = Time spent auto-exploring this place.
 F = Levels seen in this place.
 G = Mean time per level.
                   A        B        C        D        E       F      G
               +--------+--------+--------+--------+--------+-----+--------+
         Total |   3727 |   3625 |    102 |    205 |    701 |   6 |  621.2 |
       Dungeon |   3632 |   3534 |     98 |    205 |    701 |   5 |  726.4 |
        Temple |     94 |     90 |      4 |      0 |      0 |   1 |   94.0 |
               +--------+--------+--------+--------+--------+-----+--------+

Top non-repeatable levels by time:
     D:3: 1196 daAuts
     D:1: 1117 daAuts
     D:2: 959 daAuts
     D:4: 351 daAuts
  Temple: 94 daAuts
     D:5: 7 daAuts
